 Dungeon Crawl Stone Soup version 0.29-a0-559-g359e09b9d1 (webtiles) character file.

Game seed: 8311712801733196222

50 zero the Digger (level 3, -1/20 HPs)
             Began as a Gargoyle Earth Elementalist on June 9, 2022.
             Killed by divine providence
             ... invoked by an orc priest
              (12 damage)
             ... on level 3 of the Dungeon.
             The game lasted 00:02:52 (1944 turns).

zero the Digger (Gargoyle Earth Elementalist)       Turns: 1944, Time: 00:02:52

Health: -1/20      AC:  7    Str: 11    XL:     3   Next: 79%
Magic:  3/6        EV: 11    Int: 17    God:
Gold:   145        SH:  0    Dex: 10    Spells: 0/6 levels left

rFire   . . .      SeeInvis .   r - +2 mace (protect)
rCold   . . .      Faith    .   (no shield)
rNeg    + . .      Spirit   .   e - +0 leather armour
rPois   ∞          Reflect  .   j - +0 helmet
rElec   +          Harm     .   (no cloak)
rCorr   .          Rampage  .   (no gloves)
Will    .....                   (no boots)
Stlth   ++........              (no amulet)
HPRegen 0.06/turn               (no ring)
MPRegen 0.10/turn               (no ring)

@: no status effects
A: sickness immunity, AC +3, negative energy resistance 1, electricity
resistance, torment resistance 1, petrification resistance
a: no special abilities


You were on level 3 of the Dungeon.
You visited 1 branch of the dungeon, and saw 3 of its levels.

You collected 145 gold pieces.

Inventory:

Hand Weapons
 d - a +0 mace
 r - a +2 mace of protection (weapon)
Missiles
 a - 81 stones
 g - 5 poisoned darts
Armour
 b - a +0 robe
 e - a +0 leather armour (worn)
 j - a +0 helmet (worn)
Jewellery
 h - a ring of ice
 q - a ring of resist corrosion
Scrolls
 i - 6 scrolls of identify {unknown}
 n - a scroll of poison {unknown}
 o - a scroll of noise {unknown}
 p - a scroll of magic mapping {unknown}
Potions
 c - a potion of magic
 f - a potion of invisibility {unknown}
 l - a potion of haste {unknown}
 m - a potion of brilliance {unknown}


   Skills:
 + Level 0.8 Fighting
 + Level 0.7 Armour
 - Level 1.5 Dodging
 - Level 2.1 Stealth
 + Level 2.1 Spellcasting
 * Level 1.0 Conjurations
 - Level 1.0 Transmutations
 + Level 4.8 Earth Magic


You couldn't memorise any spells.
You knew the following spells:

 Your Spells              Type           Power      Damage    Failure   Level
a - Sandblast             Erth           36%        2d10      3%          1
b - Passwall              Tmut/Erth      9%         N/A       12%         2
c - Stone Arrow           Conj/Erth      22%        3d8       22%         3

Your spell library contained the following spells:

 Spells                   Type           Power      Damage    Failure   Level
 Petrify                  Tmut/Erth      11%        N/A       58%         4


Dungeon Overview and Level Annotations

Branches:
Dungeon (3/15)

Altars:


Innate Abilities, Weirdness & Mutations

You are immune to sickness and miasma.
Your stone body is resilient. (AC +3)
You are immune to poison.
You resist negative energy. (rN+)
You are resistant to electric shocks. (rElec)
You are resistant to unholy torment.
You are immune to petrification.


Message History

The blast of sand hits the orc wizard.
The orc wizard is moderately wounded.
The orc wizard gestures at you while chanting.
You are confused.
You're too confused to cast spells.
Sorry, you're not good enough to have a special ability.
Unknown command.
The orc wizard casts a spell at you. The puff of flame hits you!
Items here: )) [ ††.
You bump into the rock wall.
The orc wizard hits you but does no damage.
The orc closely misses you.
You sock the orc wizard!
Your weapon exudes an aura of protection.
The orc wizard is almost dead.
The orc priest hits you with a +0 hand axe.
* * * LOW HITPOINT WARNING * * *
The orc wizard completely misses you. The orc completely misses you.
The orc priest mumbles some strange prayers to Beogh against you.
Pain shoots through your body!
* * * LOW HITPOINT WARNING * * *
The orc barely misses you. The orc wizard barely misses you.
It was a potion of curing.
You feel better.
The orc priest hits you but does no damage.
The orc wizard gestures at you while chanting.
The puff of flame misses you.
The puff of flame hits the orc!
The orc dies!
Okay, then.
Casting: Sandblast (safe; 3% risk of failure)
Confirm with . or Enter, or press ? or * to list all spells.
Aiming: Sandblast (safe; 3% risk of failure)
Press: ? - help, Shift-Dir - straight line, f/p - orc wizard
Aim: an orc wizard, wielding a +0 dagger and wearing a +0 robe (almost dead, 74% to hit)
The blast of sand hits the orc wizard!
You kill the orc wizard!
The orc priest invokes the aid of Beogh against you.
Beogh smites you!
Ouch! That really hurt!
You die...

#.....# #.#
##...## #.#
#.#####.########.#
#...............
#######.########
#.# #.# ######.###
#..)@)...#
#.#o##...# #
#.##...# #.##...#
#......# #...o..#
.......# .....?..
###.####


You could see an orc priest.

Vanquished Creatures
  An orc wizard (D:3)
  A worm (D:2)
  A dart slug (D:2)
  3 orcs (D:3)
  3 endoplasms
  2 giant cockroaches (D:1)
  5 goblins
  4 hobgoblins
  3 jackals (D:1)
  2 kobolds (D:1)
  A quokka (D:3)
  A ball python (D:1)
  6 bats
  A frilled lizard (D:1)
  4 rats
38 creatures vanquished.

Vanquished Creatures (others)
  An orc (D:3)
1 creature vanquished.

Grand Total: 39 creatures vanquished

Notes
Turn   | Place    | Note
-------+----------+-------------------------------------------
     0 | D:1      | zero the Gargoyle Earth Elementalist began the quest for
                  | the Orb.
     0 | D:1      | Reached XP level 1. HP: 10/10 MP: 3/3
   202 | D:1      | Reached skill level 4 in Earth Magic
   301 | D:1      | Reached XP level 2. HP: 6/15 MP: 1/5
   304 | D:1      | Learned a level 2 spell: Passwall
  1167 | D:1      | Reached XP level 3. HP: 19/19 MP: 6/6
  1171 | D:1      | Learned a level 3 spell: Stone Arrow
  1330 | D:2      | Found a faded altar of an unknown god.
  1595 | D:2      | Reached skill level 1 in Transmutations
  1929 | D:3      | Reached skill level 1 in Conjurations
  1944 | D:3      | Killed from afar by an orc priest

Illustrated notes

Levels and vault maps discovered:
D:1:      saegor_arrival_simple_c, layout_loops_ring
D:2:      layout_rooms, nicolae_ecumenical_oubliette
D:3:      layout_loops_corners

Skill      XL: |  1  2  3 |
---------------+----------+-----
Earth Magic    | 4 |  4.8
Transmutations | 1 |  1.0
Conjurations   | 1 |  1.0
Fighting       | |  0.8
Armour         | |  0.7
Dodging        | |  1.5
Stealth        | |  2.1
Spellcasting   | |  2.1

Action                   || total
-------------------------++-------
Melee: Mace              ||    69
 Cast: Sandblast         ||    24
  Use: Potion            ||     1
 Stab: Sleeping          ||     4
Armor: Leather armour    ||    36
       Robe              ||     1
Dodge: Dodged            ||    68

Table legend: (Time is in decaauts)
 A = Elapsed time spent in this place.
 B = Non-inter-level travel time spent in this place.
 C = Inter-level travel time spent in this place.
 D = Time resting spent in this place.
 E = Time spent auto-exploring this place.
 F = Levels seen in this place.
 G = Mean time per level.
                   A        B        C        D        E       F      G
               +--------+--------+--------+--------+--------+-----+--------+
         Total |   1970 |   1906 |     64 |    222 |   1330 |   3 |  656.7 |
       Dungeon |   1970 |   1906 |     64 |    222 |   1330 |   3 |  656.7 |
               +--------+--------+--------+--------+--------+-----+--------+

Top non-repeatable levels by time:
     D:1: 1295 daAuts
     D:2: 536 daAuts
     D:3: 137 daAuts
